 Dungeon Crawl Stone Soup version 0.30-a0-222-ge547ba4400 (webtiles) character file.

Game seed: 4460311033293972088

461 Angani the Vexing (level 6, 0/42 HPs)
             Began as a Vampire Hexslinger on Oct 8, 2022.
             Was a Priest of Jiyva.
             Slain by a hound (4 damage)
             ... on level 5 of the Dungeon.
             The game lasted 00:08:27 (3227 turns).

Angani the Vexing (Vampire Hexslinger)              Turns: 3227, Time: 00:08:28

Health: 0/42       AC:  2    Str:  4 (7)  XL:     6   Next: 79%
Magic:  10/10      EV: 13    Int: 12 (14) God:    Jiyva [***...]
Gold:   136        SH:  0    Dex: 23 (24) Spells: 7/11 levels left

rFire   . . .      SeeInvis +    a - +1 sling
rCold   . . .      Faith    .    (no shield)
rNeg    . . .      Spirit   .    c - +0 robe
rPois   .          Reflect  .    (helmet restricted)
rElec   .          Harm     .    (no cloak)
rCorr   +          Rampage  .    (no gloves)
Will    .....                    (no boots)
Stlth   +.........               (no amulet)
HPRegen 1.59/turn                (no ring)
MPRegen 0.47/turn                (no ring)

@: confused, ambrosia-drunk, attractive, healing quickly, hasted, very quick
A: alive, fangs 3, see invisible, vampiric 2, horns 2, agile 2
a: Exsanguinate, Renounce Religion, Oozemancy


You were on level 5 of the Dungeon.
You worshipped Jiyva.
Jiyva was most pleased with you.
You visited 1 branch of the dungeon, and saw 5 of its levels.

You collected 136 gold pieces.

Inventory:

Hand Weapons
 a - a +1 sling (weapon)
Armour
 c - a +0 robe (worn)
Wands
 j - a wand of flame (11)
Scrolls
 b - a scroll of summoning
 d - a scroll of immolation
 e - 2 scrolls of fog
 f - a scroll of magic mapping
 g - a scroll of silence {unknown}
 h - a scroll of teleportation
 i - a scroll of enchant weapon {unknown}
 k - a scroll of fear
 n - a scroll of vulnerability {unknown}
Potions
 m - a potion of ambrosia


   Skills:
 - Level 0.8 Fighting
 + Level 3.2 Ranged Weapons
 - Level 2.1 Dodging
 + Level 3.1 Spellcasting
 * Level 7.8 Hexes
 + Level 1.9 Fire Magic


You had 7 spell levels left.
You knew the following spells:

 Your Spells              Type           Power      Damage    Failure   Level
a - Slow                  Hex            80%        N/A       1%          1
b - Inner Flame           Hex/Fire       13%        N/A       10%         3

Your spell library contained the following spells:

 Spells                   Type           Power      Damage    Failure   Level
 Ensorcelled Hibernation  Hex/Ice        22%        N/A       8%          2
 Cause Fear               Hex            10%        N/A       10%         4
 Portal Projectile        Hex/Tloc       22%        N/A       14%         3
 Beastly Appendage        Tmut           2%         N/A       24%         1
 Passwall                 Tmut/Erth      0%         N/A       36%         2
 Wereblood                Tmut           1%         N/A       36%         2
 Spider Form              Tmut/Pois      1%         N/A       58%         3
 Swiftness                Air            1%         N/A       58%         3


Dungeon Overview and Level Annotations

Branches:
Dungeon (5/15)             Temple (0/1) D:4

Altars:
Nemelex Xobeh
Uskayaw
Jiyva

Annotations:
D:3 2 transporters, exclusion: door


Innate Abilities, Weirdness & Mutations

Your natural rate of healing is accelerated.
You have razor-sharp teeth.
You have supernaturally acute eyesight. (SInv)
You are afflicted with vampirism and can become a bat while bloodless.
You have a pair of horns on your head.
You are very agile. (Dex +8, Str/Int -2)


Message History

It was a potion of ambrosia.
You are confused.
You feel invigorated.
You feel sick. The hound bites you.
* * * LOW HITPOINT WARNING * * *
The ufetubus hits you.
* * * LOW HITPOINT WARNING * * *
The ufetubus hits you but does no damage.
It was a potion of attraction.
You feel attractive to monsters.
You feel sick. The hound bites you.
* * * LOW HITPOINT WARNING * * *
The ufetubus hits you but does no damage.
The ufetubus hits you.
* * * LOW HITPOINT WARNING * * *
The hound barely misses you. The ufetubus misses you. The ufetubus hits you.
* * * LOW HITPOINT WARNING * * *
Unknown command.
Unknown command.
Okay, then.
Unknown command.
Unknown command.
It was a potion of degeneration.
There was something very wrong with that liquid.
You feel weakened.
You feel dopey.
You feel clumsy.
You feel sick.
You are no longer poisoned.
The hound closely misses you. The ufetubus hits you.
* * * LOW HITPOINT WARNING * * *
The ufetubus hits you.
* * * LOW HITPOINT WARNING * * *
Unknown command.
Unknown command.
It was a potion of haste.
You feel yourself speed up. The hound bites you.
* * * LOW HITPOINT WARNING * * *
The ufetubus hits you.
* * * LOW HITPOINT WARNING * * *
The ufetubus closely misses you.
The hound pauses to sniff the ground.
The hound bites you.
You die...

... ... .... ... ...
##.... #.#+#.##......
#.#.#......... .
#.#.#......... ...
#.#.#.#.#.#...
#..#######.#.#...#.#...
#...5.....#.......#...
#...h@......#<........
#.#.#.####..####......
#.... #..# #....##
#.#.## #..# +......
...#.) #..# #....## ##.
##. #..# ###### #. .
#..# # .. .>..


You could see a hound and an ufetubus.

Vanquished Creatures
  Sigmund (D:5)
  A jelly (D:4)
  A gnoll bouda (D:4)
  An orc priest (D:3)
  An iguana (D:4)
  Natasha (thrice) (D:3)
  4 gnolls (D:3)
  5 adders
  A white imp (D:5)
  2 dart slugs (D:1)
  2 orcs (D:3)
  6 endoplasms
  4 giant cockroaches
  2 goblins
  7 hobgoblins
  9 jackals
  4 kobolds
  3 quokkas
  5 ball pythons
  6 bats
  2 frilled lizards
  2 rats (D:1)
72 creatures vanquished.

Vanquished Creatures (others)
  The ghost of Decritt the Sneak, a weakling SpEn (D:3)
  3 quasits (D:3)
  2 jellies (D:4)
  An adder (D:4)
  3 gnolls (D:4)
  A dart slug (D:4)
  4 orcs (D:5)
  2 endoplasms
  A giant cockroach (D:3)
  A hobgoblin (D:4)
  4 jackals (D:2)
23 creatures vanquished.

Grand Total: 95 creatures vanquished

Notes
Turn   | Place    | Note
-------+----------+-------------------------------------------
     0 | D:1      | Angani the Vampire Hexslinger began the quest for the Orb.
     0 | D:1      | Reached XP level 1. HP: 14/14 MP: 2/2
    68 | D:1      | Reached XP level 2. HP: 20/20 MP: 4/4
   227 | D:1      | You fall into a shaft and drop 1 floor!
   289 | D:2      | Reached skill level 5 in Hexes
   396 | D:2      | Gained mutation: You are afflicted with vampirism and can
                  | become a bat while bloodless. [Vampire growth]
   396 | D:2      | Reached XP level 3. HP: 7/25 MP: 3/5
   606 | D:1      | Learned a level 3 spell: Inner Flame
   894 | D:2      | Found a faded altar of an unknown god.
   906 | D:2      | Prayed at the altar of an unknown god.
   906 | D:2      | Became a worshipper of Jiyva Jyzewkui the Shapeless
   906 | D:2      | Reached * piety under Jiyva
  1161 | D:2      | Reached XP level 4. HP: 15/31 MP: 7/7
  1428 | D:3      | Reached ** piety under Jiyva
  1468 | D:3      | Reached skill level 6 in Hexes
  1475 | D:3      | Reached XP level 5. HP: 31/36 MP: 5/8
  1576 | D:3      | Found a transporter.
  1588 | D:3      | Noticed Natasha
  1603 | D:3      | Killed Natasha
  1604 | D:3      | Reached skill level 1 in Fire Magic
  1608 | D:3      | Noticed Natasha
  1614 | D:3      | Killed Natasha
  1619 | D:3      | Found a sparkling altar of Nemelex Xobeh.
  1691 | D:3      | Noticed Natasha
  1710 | D:3      | Killed Natasha
  1731 | D:3      | Found a transporter.
  1840 | D:3      | Noticed a +0 short sword
  1842 | D:3      | Noticed a +0 dagger
  1842 | D:3      | Noticed a +0 falchion
  1850 | D:3      | Found a hide-covered altar of Uskayaw.
  1850 | D:3      | Noticed a +0 spear
  1850 | D:3      | Noticed a +0 dagger
  1861 | D:3      | Noticed a +0 spear
  1862 | D:3      | Noticed a +0 short sword
  1862 | D:3      | Noticed a +0 falchion
  1905 | D:3      | Killed Decritt's ghost
  2012 | D:3      | Reached *** piety under Jiyva
  2032 | D:3      | Gained mutation: You are agile. (Dex +4, Str/Int -1)
                  | [Jiyva's grace]
  2032 | D:3      | Gained mutation: You are very agile. (Dex +8, Str/Int -2)
                  | [Jiyva's grace]
  2032 | D:3      | Gained mutation: You have a pair of small horns on your
                  | head. [Jiyva's grace]
  2032 | D:3      | Gained mutation: You have a pair of horns on your head.
                  | [Jiyva's grace]
  2409 | D:4      | Found a staircase to the Ecumenical Temple.
  2501 | D:4      | Reached skill level 7 in Hexes
  2501 | D:4      | Reached XP level 6. HP: 42/42 MP: 7/10
  2842 | D:4      | Was placed under penance by Jiyva
  3111 | D:5      | Entered Level 5 of the Dungeon
  3201 | D:5      | Was forgiven by Jiyva
  3205 | D:5      | Noticed Sigmund
  3209 | D:5      | Killed Sigmund
  3226 | D:5      | HP: 2/42 [ufetubus (2)]
  3227 | D:5      | Slain by a hound

Illustrated notes

Levels and vault maps discovered:
D:1:      dpeg_arrival_simpleton_b, layout_rooms, minmay_tiny_reverse_x
D:2:      layout_loops_ring, hellmonk_ecumenical_altar_run_dry
D:3:      minmay_evil_eye, layout_basic, nicolae_uskayaw_en_pointe,
          old_standard_altar, gammafunk_ghost_stat_death, serial_glass,
          glass_columns_c, glass_columns_c, uniq_natasha
D:4:      layout_loops_corners, minmay_temple_entry_hall
D:5:      layout_basic, uniq_sigmund

Skill      XL: |  1  2  3  4  5  6 |
---------------+-------------------+-----
Ranged Weapons | 2 3 |  3.2
Hexes          | 5 6 7 |  7.8
Spellcasting   | 2 3 |  3.1
Fire Magic     | 1 |  1.9
Fighting       | |  0.8
Dodging        | |  2.1

Action                   |  1- 3 |  4- 6 || total
-------------------------+-------+-------++-------
Melee: Unarmed           |       |     6 ||     6
 Fire: Sling             |   139 |   111 ||   250
 Cast: Slow              |     4 |     3 ||     7
       Inner Flame       |       |    10 ||    10
  Use: Scroll            |       |     7 ||     7
       Potion            |       |     6 ||     6
Armor: Robe              |    22 |     4 ||    26
       Skin              |       |    16 ||    16
Dodge: Dodged            |    90 |    37 ||   127

Table legend: (Time is in decaauts)
 A = Elapsed time spent in this place.
 B = Non-inter-level travel time spent in this place.
 C = Inter-level travel time spent in this place.
 D = Time resting spent in this place.
 E = Time spent auto-exploring this place.
 F = Levels seen in this place.
 G = Mean time per level.
                   A        B        C        D        E       F      G
               +--------+--------+--------+--------+--------+-----+--------+
         Total |   3298 |   3159 |    139 |    127 |   2410 |   5 |  659.6 |
       Dungeon |   3298 |   3159 |    139 |    127 |   2410 |   5 |  659.6 |
               +--------+--------+--------+--------+--------+-----+--------+

Top non-repeatable levels by time:
     D:3: 1010 daAuts
     D:2: 883 daAuts
     D:4: 713 daAuts
     D:1: 570 daAuts
     D:5: 119 daAuts
